 Dungeon Crawl Stone Soup version 0.31-a0-182-gc5ef74bbde (webtiles) character file.

Game seed: 7921005527965806967

16 Moral the Shield-Bearer (level 2, 29/29 HPs)
             Began as a Troll Fighter on June 22, 2023.
             Got out of the dungeon alive.
             The game lasted 00:01:31 (571 turns).

Moral the Shield-Bearer (Troll Fighter)              Turns: 571, Time: 00:01:31

Health: 29/29      AC:  4    Str: 23    XL:     2   Next: 37%
Magic:  1/1        EV:  8    Int:  4    God:
Gold:   12         SH:  7    Dex:  9    Spells: 1/1 levels left

rFire   . . .        a - +0 long sword
rCold   . . .        c - +0 kite shield
rNeg    . . .        b - +0 robe
rPois   .            (helmet restricted)
rElec   .            (no cloak)
rCorr   .            (gloves unavailable)
SInv    .            (boots unavailable)
Will    .....        (no amulet)
Stlth   +            (no ring)
HPRegen 1.04/turn    (no ring)
MPRegen 0.07/turn

%: no passive effects
@: no status effects
A: large, unfitting armour, claws 3, regeneration 1, shaggy fur 1, tough skin 1
a: no special abilities


You escaped.
You visited 1 branch of the dungeon, and saw 2 of its levels.

You collected 12 gold pieces.

Inventory:

Hand Weapons
 a - a +0 long sword (weapon)
Armour
 b - a +0 robe (worn)
 c - a +0 kite shield (worn)
Scrolls
 e - a scroll of noise {unknown}
 f - a scroll of enchant armour {unknown}
 g - 2 scrolls of teleportation {unknown}
Potions
 d - a potion of might


   Skills:
 + Level 2.6 Fighting
 + Level 1.8 Long Blades
 + Level 2.6 Dodging
 + Level 2.9 Shields


You had one spell level left.
You didn't know any spells.
Your spell library was empty.

Dungeon Overview and Level Annotations

Branches:
Dungeon (2/15)

Altars:

Shops:
D:1 (


Innate Abilities, Weirdness & Mutations

You are too large for most types of armour.
You have claws for hands.
Your natural rate of healing is unusually fast.
You are covered in fur. (AC +1)
You have tough skin. (AC +1)


Message History

No target in view!
No target in view!
No target in view!
No target in view!
No target in view!
No target in view!
Save game and exit?
Welcome back, Moral the Troll Fighter.
Press ? for a list of commands and other information.
Okay, then.
Okay, then.
There is an open door here.
You see here a +0 whip.
Unknown command.
There is a stone staircase leading down here.
You climb downwards.
There is a stone staircase leading up here.
A kobold comes into view. It is wielding a +0 short sword.
The kobold shouts!
You hit the kobold.
You kill the kobold!
You see here a +0 short sword.
You see here a +0 short sword.
There is a stone staircase leading up here.
You climb upwards.
There is a stone staircase leading down here.
Things that are here:
3 stones; a +0 dagger
There is a stone staircase leading down here.
You open the door.
There is an open door here.
There is an open door here.
You open the door.
There is an open door here.
There is a dry fountain, spattered with blood here.
There is a staircase leading out of the dungeon here.
You can't go down here!
There is a staircase leading out of the dungeon here.
Are you sure you want to leave the Dungeon?
This will make you lose the game!
You have escaped!

.#......#.#.# .#...##...#.## #
.##..###.#...##. #
.....##.......... #
###.###......##.# #.## ....#
#....######## #. .#. #####
#.≈≈.##⌠...⌠# #. ... #
#.≈≈.##.....# #. ##. #
#....##.>.@.# #. #. #
##..###.....# #.## #. ###
#.####⌠(..⌠# ### ..# #. #.##
###..#.########.###.# ##
...####.###.##..####...##.######.
......'...###...'................
#..####.........####...#######...
#.## ##.......## #..## #.... #.#
##.....## #.## ##...


There were no monsters in sight!

Vanquished Creatures
  A dart slug (D:1)
  An endoplasm (D:1)
  A goblin (D:1)
  2 hobgoblins (D:1)
  2 bats (D:1)
  5 kobolds
  A rat (D:1)
13 creatures vanquished.

Notes
Turn   | Place    | Note
-------+----------+-------------------------------------------
     0 | D:1      | Moral the Troll Fighter began the quest for the Orb.
     0 | D:1      | Reached XP level 1. HP: 22/22 MP: 0/0
   133 | D:1      | Found Atohair's Antique Weapon Boutique.
   244 | D:1      | Reached XP level 2. HP: 29/29 MP: 1/1
   571 | D:$      | Got out of the dungeon alive.

Illustrated notes

Levels and vault maps discovered:
D:1:      amcnicky_arrival_gap_in_the_tavern_cellar, layout_loops_corners,
          serial_shops, shop
D:2:      layout_basic, shapermc_ecumenical_altar_mp_vishouse

Action                     || total
---------------------------++-------
  Melee: Long sword        ||    33
 Armour: Robe              ||    13
  Dodge: Dodged            ||    12
  Block: Kite shield       ||    18

Table legend: (Time is in decaauts)
 A = Elapsed time spent in this place.
 B = Non-inter-level travel time spent in this place.
 C = Inter-level travel time spent in this place.
 D = Time resting spent in this place.
 E = Time spent auto-exploring this place.
 F = Levels seen in this place.
 G = Mean time per level.
                   A        B        C        D        E       F      G
               +--------+--------+--------+--------+--------+-----+--------+
         Total |    586 |    489 |     97 |      0 |    279 |   2 |  293.0 |
       Dungeon |    586 |    489 |     97 |      0 |    279 |   2 |  293.0 |
               +--------+--------+--------+--------+--------+-----+--------+

Top non-repeatable levels by time:
     D:1: 541 daAuts
     D:2: 45 daAuts
